 Dungeon Crawl Stone Soup version 0.20.1-1-g8b1a95d66d (webtiles) character file.

323206 Kublaii the Peltast (level 20, -25/198 HPs)
             Began as a Minotaur Fighter on Nov 29, 2017.
             Was the Champion of Okawaru.
             Annihilated by an azure jelly (29 damage)
             ... while paralysed by a floating eye
             ... on level 3 of the Pits of Slime on Dec 5, 2017.
             The game lasted 07:30:16 (33174 turns).

Kublaii the Peltast (Minotaur Fighter)             Turns: 33174, Time: 07:30:17

Health: -25/198    AC: 23    Str: 30    XL:     20   Next: 68%
Magic:  22/27      EV:  2    Int:  7    God:    Okawaru [******]
Gold:   2244       SH:  0    Dex: 25    Spells: 19/19 levels left

rFire    x . .     SeeInvis .   a - +5 double sword (drain)
rCold    . . .     Gourm    .   Z - +2 shield "Teitiyji" {+Fly Dex+2}
rNeg     + . .     Faith    .   u - +4 chain mail {rPois}
rPois    +         Spirit   .   G - +2 hat
rElec    +         Reflect  .   F - +2 cloak {+Inv}
rCorr    .         Harm     .   N - +2 pair of gloves {Str+3}
MR       +....                  c - -2 pair of boots "Lotwo Beoc" {rElec Str+4}
Stlth    ..........             o - amulet of regeneration
Regen    0.9/turn               y - ring "Cennak" {rF- rN+ Str-2 Dex+8 Slay+6}
MPRegen  0.2/turn               r - +6 ring of slaying

@: confused, paralysed, corroded
A: retaliatory headbutt, horns 2, clever 1, robust 1, wild magic 1
}: 2/15 runes: serpentine, barnacled
a: Heroism, Finesse, Renounce Religion, Evoke Invisibility, Evoke Flight


You were on level 3 of the Pits of Slime.
You worshipped Okawaru.
Okawaru was exalted by your worship.
You were very hungry.

You visited 8 branches of the dungeon, and saw 37 of its levels.
You visited the Abyss 1 time.
You visited 1 bazaar.

You collected 4965 gold pieces.
You spent 2721 gold pieces at shops.

Inventory:

Hand Weapons
 a - a +5 double sword of draining (weapon)
 b - the +10 fustibalus of Xocs {velocity, Str+8}
   (Okawaru gifted it to you on level 9 of the Dungeon)

   Any stone fired from it inflicts extra damage.
   It affects your strength (+8).
Missiles
 n - 7 javelins of penetration (quivered)
 s - 387 sling bullets
 t - 14 silver javelins
Armour
 c - the -2 pair of boots "Lotwo Beoc" (worn) {rElec Str+4}
   (You acquired it on level 13 of the Dungeon)

   It affects your strength (+4).
   It insulates you from electricity.
 u - a +4 chain mail of poison resistance (worn)
 F - a +2 cloak of invisibility (worn)
 G - a +2 hat (worn)
 N - a +2 pair of gloves of strength (worn)
 Z - the +2 shield "Teitiyji" (worn) {+Fly Dex+2}
   (You found it on level 4 of the Shoals)

   It affects your dexterity (+2).
   It lets you fly.
Jewellery
 o - an amulet of regeneration (around neck)
 r - a +6 ring of slaying (right hand)
 y - the ring "Cennak" (left hand) {rF- rN+ Str-2 Dex+8 Slay+6}
   (You bought it in a shop on level 3 of the Snake Pit)

   [ring of positive energy]

   It affects your strength (-2).
   It affects your dexterity (+8).
   It affects your accuracy and damage with ranged weapons and melee attacks
   (+6).
   It makes you vulnerable to fire.
   It protects you from negative energy.
 D - an uncursed ring of see invisible
Wands
 d - a wand of disintegration (14/24)
 h - a wand of clouds (1/9)
 H - a wand of lightning (10/15)
Scrolls
 i - 2 scrolls of blinking
 p - 14 scrolls of remove curse
 x - 2 scrolls of identify
 A - 7 scrolls of teleportation
 J - 5 scrolls of recharging
 V - 2 scrolls of magic mapping
 W - 2 scrolls of summoning
Potions
 k - 5 potions of curing
 l - 5 potions of heal wounds
 B - 3 potions of agility
 I - a potion of ambrosia
 R - a potion of resistance
 U - 4 potions of might
 Y - 3 potions of haste
Miscellaneous
 m - a lamp of fire (inert)
 C - a phantom mirror
 P - a lightning rod (4/4)
 T - a lamp of fire (inert)
Comestibles
 f - 16 bread rations
 g - 42 fruits
 q - 14 meat rations
 E - 41 royal jellies


   Skills:
 - Level 16.0 Fighting
 - Level 18.0 Long Blades
 - Level 14.0 Slings
   Level 5.0 Bows
 + Level 16.6 Armour
 + Level 16.6 Dodging
 - Level 19.0 Shields
 - Level 11.2 Invocations
 - Level 10.0 Evocations


You had 19 spell levels left.
You didn't know any spells.

Dungeon Overview and Level Annotations

Branches:
Dungeon (14/15)            Temple (1/1) D:4            Lair (6/6) D:11
 Shoals (4/4) Lair:4        Snake (4/4) Lair:4        Slime (3/5) Lair:5
    Orc (2/2) D:10            Elf (3/3) Orc:2        Vaults (0/5) D:13

Altars:
Ashenzari
Cheibriados
Dithmenos
Elyvilon
Fedhas
Gozag
Hepliaklqana
Kikubaaqudgha
Makhleb
Nemelex Xobeh
Okawaru
Qazlal
Ru
Sif Muna
Trog
Uskayaw
Vehumet
Xom
Yredelemnul
Zin
The Shining One

Shops:
D:13 :*[*   Orc:2 *?!%}   Elf:1 }   Shoals:2 (   Snake:3 =}=

Portals:
Trove: D:11 (show slimy rune of Zot)

Annotations:
Elf:2 2 runed doors


Innate Abilities, Weirdness & Mutations

You reflexively headbutt those who attack you in melee.
You have a pair of horns on your head.
Your mind is acute. (Int +2)
You are robust. (+10% HP)
Your spells are a little harder to cast, but a little more powerful.


Message History

You easily resist.
The golden eye blinks at you. You resist with almost no effort.
The golden eye blinks at you.
You are more confused.
Your mature stingshock beast hits the titanic slime creature.
Your mature stingshock beast stings the titanic slime creature!
The eye of draining gazes at you.
You feel your power leaking away.
The slime creature is engulfed in blazing flames.
The slime creature hits you!
* * * LOW HITPOINT WARNING * * *
The acid blob hits you!
* * * LOW HITPOINT WARNING * * *
The acid corrodes you!
You are splashed with acid!
The acid burns!
* * * LOW HITPOINT WARNING * * *
The azure jelly hits you.
* * * LOW HITPOINT WARNING * * *
The azure jelly freezes you!!
You die...

##........ ###
#.........
##..#..........
#....#.........
##......GGG....
#.....JGHG....#
#...GJJJ......
#...@J§......
#..JGJ§§§....
#..J..GJ#.§§..
....JJ....§..§..
..........§..>..
.§§........§....
.......#..J§§...
G.........§.§..


You could see an acid blob, an azure jelly, a titanic slime creature, a very
large slime creature, a large slime creature, 7 slime creatures, a shining eye,
an eye of devastation, an eye of draining, a floating eye, 5 golden eyes and a
friendly mature stingshock beast.

Vanquished Creatures
  3 deep elf blademasters (Elf:3)
  2 deep elf master archers (Elf:3)
  An acid blob (Slime:3)
  A tentacled starspawn (Abyss:2)
  2 krakens
  Kirke (Elf:1)
  Polyphemus (Shoals:4)
  Donald (Shoals:4)
  10 nagarajas
  Ilsuiw (Shoals:4)
  2 azure jellies
  3 deep elf sorcerers (Elf:3)
  Aizul (Shoals:1)
  4 deep elf elementalists
  5 deep elf demonologists
  5 deep elf annihilators
  An ettin (Elf:3)
  5 merfolk javelineers
  The ghost of cada the Basher, a journeyman GrFi of Cheibriados (Orc:2)
  9 deep elf death magi
  2 great orbs of eyes
  8 merfolk impalers
  5 deep elf high priests
  8 hydras
  10 naga warriors
  A catoblepas (Shoals:4)
  A centaur warrior (D:10)
  3 merfolk avatars
  18 anacondas
  38 dancing weapons
  9 two-headed ogres
  2 merfolk aquamancers (Shoals:4)
  2 death yaks (Shoals:4)
  5 satyrs
  An ogre mage (Elf:3)
  Urug (D:13)
  5 orc high priests
  26 naga sharpshooters
  5 salamander mystics
  10 shock serpents
  34 deep elf knights
  3 unseen horrors
  7 naga ritualists
  7 deep trolls (Elf:3)
  15 sea snakes
  A wizard (D:13)
  9 orc knights
  24 deep elf archers
  10 mana vipers
  77 deep elf magi
  32 harpies
  16 fauns
  2 cyclopes
  A shining eye (Slime:2)
  10 salamanders
  3 ugly things
  7 orc sorcerers
  18 manticores
  A black mamba (shapeshifter) (Elf:2)
  10 merfolk sirens
  15 guardian serpents (Snake:4)
  2 elephants (Lair:6)
  18 naga magi
  37 black mambas
  An eye of devastation (Slime:1)
  Maurice (D:12)
  A torpor snail (Lair:3)
  9 water nymphs
  13 spiny frogs
  2 gargoyles
  A small abomination (Elf:1)
  6 rime drakes
  6 komodo dragons
  A kobold demonologist (D:13)
  18 merfolk
  3 polar bears (Lair:6)
  A queen bee (Lair:2)
  Grinder (D:6)
  9 wind drakes
  2 hornets (Lair:6)
  3 blink frogs (Lair:6)
  9 hippogriffs
  Prince Ribbit (D:9)
  10 dream sheep
  3 trolls
  41 slime creatures
  10 snapping turtles
  A shadow (D:11)
  Sigmund (D:3)
  6 water elementals
  23 yaks
  2 air elementals (Elf:2)
  10 fire elementals
  5 wyverns
  5 basilisks
  A golden eye (Slime:3)
  6 hogs
  A human (D:7)
  2 hungry ghosts
  55 nagas
  Edmund (D:6)
  18 water moccasins
  3 wargs
  A soldier ant (D:10)
  Duvessa (D:4)
  An acid dragon (D:12)
  A floating eye (Slime:2)
  14 porcupines
  An ice beast (D:13)
  5 phantoms
  3 black bears
  28 orc warriors
  3 eyes of draining
  A necrophage (D:6)
  11 wolves
  16 centaurs
  13 crocodiles
  17 ogres
  2 big kobolds
  11 bullfrogs
  2 gnoll sergeants
  A wyvern zombie (D:8)
  4 earth elementals
  Dowan (D:4)
  A water moccasin skeleton (D:12)
  6 scorpions
  41 killer bees
  22 wights
  An electric eel (Lair:3)
  2 howler monkeys
  5 crimson imps
  A centaur zombie (D:5)
  A bullfrog zombie (D:10)
  3 centaur skeletons
  3 hounds
  A bullfrog skeleton (D:5)
  15 orc priests
  15 jellies
  18 orc wizards
  Jessica (D:2)
  5 iguanas
  6 worker ants
  A hound skeleton (D:7)
  2 worker ant zombies
  18 gnolls
  A howler monkey zombie (D:11)
  16 adders
  2 shadow imps
  18 oozes
  An adder zombie (D:6)
  2 adder skeletons
  A worm (D:4)
  2 dart slugs
  5 leopard geckos
  71 orcs
  3 giant cockroaches
  9 goblins
  7 hobgoblins
  12 jackals
  5 quokkas
  A ball python (D:7)
  A ball python zombie (D:5)
  7 bats
  3 frilled lizards
  A jackal zombie (D:5)
  18 kobolds
  9 rats
  A crawling corpse (Elf:1)
  8 fungi
  7 plants
  2 tentacles (Shoals:1)
1388 creatures vanquished.

Vanquished Creatures (others)
  A deep elf elementalist (Elf:3)
  A dancing weapon (Elf:1)
  3 humans (Elf:1)
  10 fungi
  12 plants
  7 tentacles
34 creatures vanquished.

Grand Total: 1422 creatures vanquished

Notes
Turn   | Place    | Note
-------+----------+-------------------------------------------
     0 | D:1      | Kublaii the Minotaur Fighter began the quest for the Orb.
     0 | D:1      | Reached XP level 1. HP: 19/19 MP: 0/0
   150 | D:1      | Reached XP level 2. HP: 23/26 MP: 1/1
   747 | D:1      | Reached XP level 3. HP: 31/31 MP: 2/2
   958 | D:2      | Reached skill level 5 in Long Blades
   966 | D:2      | Reached XP level 4. HP: 33/40 MP: 3/3
  1170 | D:2      | Noticed Jessica
  1181 | D:2      | Killed Jessica
  1393 | D:3      | Noticed Sigmund
  1400 | D:3      | Killed Sigmund
  1400 | D:3      | Reached skill level 5 in Fighting
  1400 | D:3      | Reached skill level 5 in Armour
  1400 | D:3      | Reached XP level 5. HP: 48/48 MP: 4/4
  1400 | D:3      | Reached XP level 6. HP: 56/56 MP: 5/5
  1840 | D:4      | Noticed Duvessa
  1840 | D:4      | Noticed Dowan
  1844 | D:4      | Killed Duvessa
  1853 | D:4      | Killed Dowan
  1952 | D:4      | Reached XP level 7. HP: 64/64 MP: 6/6
  2098 | D:4      | Found a staircase to the Ecumenical Temple.
  2107 | Temple   | Entered the Ecumenical Temple
  2231 | Temple   | Became a worshipper of Warmaster Okawaru
  2972 | D:5      | Entered Level 5 of the Dungeon
  2991 | D:5      | Reached skill level 4 in Shields
  3165 | D:5      | Reached * piety under Okawaru
  3230 | D:5      | Reached skill level 5 in Shields
  3230 | D:5      | Reached XP level 8. HP: 66/73 MP: 7/7
  3253 | D:5      | Got a shimmering hand axe
  3254 | D:5      | Identified the +1 hand axe of the Hand {speed, Int+3 Dex+2} (You found it on level 5 of the Dungeon)
  3842 | D:6      | Reached skill level 1 in Bows
  3857 | D:6      | Found a snail-covered altar of Cheibriados.
  3864 | D:6      | Noticed Edmund
  3917 | D:6      | Killed Edmund
  3917 | D:6      | Reached ** piety under Okawaru
  4012 | D:6      | Got an ancient jade ring
  4014 | D:6      | Identified the ring of Youthful Indiscretion {rPois rC- Int+3 Dex+2} (You found it on level 6 of the Dungeon)
  4136 | D:6      | Noticed Grinder
  4143 | D:6      | Paralysed by Grinder for 6 turns
  4151 | D:6      | Killed Grinder
  4203 | D:6      | Reached XP level 9. HP: 79/79 MP: 8/8
  4419 | D:7      | Reached skill level 5 in Bows
  4483 | D:7      | Reached skill level 1 in Dodging
  4552 | D:7      | Reached *** piety under Okawaru
  4556 | D:7      | Reached skill level 5 in Dodging
  4698 | D:7      | Got a faintly glowing spear
  4699 | D:7      | Identified the +5 spear of Offence {protect, rF++ Str+7} (You found it on level 7 of the Dungeon)
  4776 | D:7      | Reached skill level 1 in Invocations
  5223 | D:8      | Noticed a two-headed ogre
  5239 | D:8      | Killed a two-headed ogre
  5239 | D:8      | Reached **** piety under Okawaru
  5239 | D:8      | Reached XP level 10. HP: 77/86 MP: 10/12
  5452 | D:8      | Reached ***** piety under Okawaru
  5574 | D:8      | Reached skill level 5 in Invocations
  6013 | D:9      | Noticed Prince Ribbit
  6016 | D:9      | Killed Prince Ribbit
  6114 | D:9      | Received a gift from Okawaru
  6209 | D:9      | Noticed a two-headed ogre
  6224 | D:9      | Killed a two-headed ogre
  6224 | D:9      | Received a gift from Okawaru
  6225 | D:9      | Got a faintly glowing fustibalus {god gift}
  6226 | D:9      | Identified the +10 fustibalus of Xocs {velocity, Str+8} (Okawaru gifted it to you on level 9 of the Dungeon)
  6597 | D:9      | Reached skill level 1 in Slings
  6758 | D:10     | Entered Level 10 of the Dungeon
  6902 | D:10     | Noticed a two-headed ogre
  6906 | D:10     | Killed a two-headed ogre
  6906 | D:10     | Reached XP level 11. HP: 94/94 MP: 14/14
  7048 | D:10     | Reached skill level 5 in Slings
  7103 | D:10     | Noticed a centaur warrior
  7106 | D:10     | Killed a centaur warrior
  7397 | D:10     | Found a staircase to the Orcish Mines.
  7405 | D:10     | Noticed an unseen horror
  7409 | D:10     | Killed an unseen horror
  7494 | D:10     | Gained mutation: Your spells are a little harder to cast, but a little more powerful. [potion of mutation]
  7494 | D:10     | Gained mutation: You are robust. (+10% HP) [potion of mutation]
  7494 | D:10     | Gained mutation: Your mind is acute. (Int +2) [potion of mutation]
  7732 | D:11     | Received a gift from Okawaru
  7733 | D:11     | Got an obsidian-encrusted scale mail {god gift}
  7744 | D:11     | Identified the +1 scale mail of Day {Dex+6} (Okawaru gifted it to you on level 11 of the Dungeon)
  7976 | D:11     | Noticed a two-headed ogre
  7988 | D:11     | Killed a two-headed ogre
  8057 | D:11     | Reached skill level 10 in Long Blades
  8081 | D:11     | Found a staircase to the Lair.
  8121 | D:11     | Noticed a two-headed ogre
  8123 | D:11     | Killed a two-headed ogre
  8123 | D:11     | Reached skill level 10 in Slings
  8170 | D:11     | Found a portal to a secret trove of treasure.
  8337 | D:11     | Reached XP level 12. HP: 101/112 MP: 12/15
  8662 | D:12     | Noticed a two-headed ogre
  8668 | D:12     | Killed a two-headed ogre
  8834 | D:12     | Noticed Maurice
  8839 | D:12     | Killed Maurice
  8852 | D:12     | Reached ****** piety under Okawaru
  9034 | D:13     | Received a gift from Okawaru
  9038 | D:13     | Noticed a two-headed ogre
  9049 | D:13     | Killed a two-headed ogre
  9132 | D:13     | Noticed Urug
  9141 | D:13     | Killed Urug
  9141 | D:13     | Received a gift from Okawaru
  9168 | D:13     | Noticed a four-headed hydra
  9179 | D:13     | Killed a four-headed hydra
  9231 | D:13     | Found Jona's Assorted Antiques.
  9252 | D:13     | Bought 2 amethyst potions for 54 gold pieces
  9252 | D:13     | Bought a scroll labeled HOHIRAU IDWYET for 30 gold pieces
  9259 | D:13     | Got a pair of shimmering boots
  9265 | D:13     | Identified the -2 pair of boots "Lotwo Beoc" {rElec Str+4} (You acquired it on level 13 of the Dungeon)
  9286 | D:13     | Noticed a two-headed ogre
  9297 | D:13     | Killed a two-headed ogre
  9369 | D:13     | Received a gift from Okawaru
  9395 | D:13     | Found Uteyn's Assorted Antiques.
  9395 | D:13     | Found Ykkabyir's Book Boutique.
  9499 | D:13     | Found Faidwa's Antique Armour Shoppe.
  9541 | D:13     | Bought an encrusted cloak for 237 gold pieces
  9552 | D:13     | Identified the +2 cloak of the Sparrow {+Fly} (You bought it in a shop on level 13 of the Dungeon)
  9662 | D:13     | Found a gate to the Vaults.
  9668 | D:13     | Received a gift from Okawaru
  9769 | D:12     | You fall through a shaft for 2 floors!
  9857 | D:14     | Reached XP level 13. HP: 100/122 MP: 12/16
  9876 | D:14     | Received a gift from Okawaru
 10020 | Lair:1   | Entered Level 1 of the Lair of Beasts
 10170 | Lair:1   | Reached skill level 10 in Fighting
 10462 | Lair:1   | Received a gift from Okawaru
 10919 | Lair:1   | Got a smoking robe
 10930 | Lair:1   | Identified the +2 robe of Xom's Displeasure {Stlth+} (You found it on level 1 of the Lair of Beasts)
 11301 | Lair:2   | Reached skill level 10 in Dodging
 11410 | Lair:2   | Got a pair of faintly glowing boots
 11421 | Lair:2   | Identified the +0 pair of boots "Xijomuej" {Dex+2} (You found it on level 2 of the Lair of Beasts)
 12286 | Lair:3   | Reached skill level 1 in Evocations
 12944 | Lair:4   | Found a staircase to the Shoals.
 13029 | Lair:4   | Found a staircase to the Snake Pit.
 13037 | Lair:4   | Reached skill level 10 in Armour
 13044 | Lair:4   | Received a gift from Okawaru
 13321 | Lair:5   | Found a glowing golden altar of the Shining One.
 13673 | Lair:5   | Found a staircase to the Slime Pits.
 13830 | Lair:5   | Reached XP level 14. HP: 102/136 MP: 19/19
 13983 | Lair:6   | Entered Level 6 of the Lair of Beasts
 14016 | Lair:6   | Found a white marble altar of Elyvilon.
 14133 | Lair:6   | Reached skill level 5 in Evocations
 14576 | Lair:6   | Received a gift from Okawaru
 14975 | Snake:1  | Entered Level 1 of the Snake Pit
 14988 | Snake:1  | Received a gift from Okawaru
 15638 | Snake:2  | Found a flickering gateway to a bazaar.
 15666 | Bazaar   | Entered a bazaar
 15674 | Bazaar   | Found Xuhint's Antique Weapon Shoppe.
 15685 | Bazaar   | Found Itim Moe's Antique Weapon Emporium.
 15700 | Bazaar   | Found Nato Vij's Antique Armour Emporium.
 15711 | Bazaar   | Found Elizin's Antique Armour Shoppe.
 15734 | Bazaar   | Bought a twisted cloak for 228 gold pieces
 15734 | Bazaar   | Bought a bronze chain mail for 228 gold pieces
 15747 | Bazaar   | Identified the +0 cloak "Sypawi" {rPois MR+ Str-2} (You bought it in a shop in a bazaar)
 15767 | Bazaar   | Identified the cursed +0 chain mail of the Equator {Str+2} (You bought it in a shop in a bazaar)
 15775 | Bazaar   | Bought a runed shield for 105 gold pieces
 15826 | Bazaar   | Bought a glowing scarf for 192 gold pieces
 16039 | Snake:2  | Got a warped ivory amulet
 16047 | Snake:2  | Identified the amulet "Ontolorph" {RegenMP +Inv rElec rF-} (You found it on level 2 of the Snake Pit)
 16495 | Snake:2  | Reached XP level 15. HP: 104/146 MP: 14/20
 16541 | Snake:2  | Received a gift from Okawaru
 16731 | Snake:3  | Received a gift from Okawaru
 17160 | Snake:3  | Noticed a nagaraja
 17165 | Snake:3  | Killed a nagaraja
 17237 | Snake:3  | Found Vuguc's Jewellery Boutique.
 17239 | Snake:3  | Found Pajoewaa's Gadget Emporium.
 17240 | Snake:3  | Found Hulluv's Jewellery Boutique.
 18065 | Snake:4  | Entered Level 4 of the Snake Pit
 18096 | Snake:4  | Received a gift from Okawaru
 18123 | Snake:4  | Noticed a nagaraja
 18143 | Snake:4  | Killed a nagaraja
 18217 | Snake:4  | Received a gift from Okawaru
 18417 | Snake:4  | Reached skill level 15 in Fighting
 18442 | Snake:4  | Reached XP level 16. HP: 81/163 MP: 16/21
 19144 | Snake:4  | Received a gift from Okawaru
 19392 | Snake:4  | Received a gift from Okawaru
 19409 | Snake:4  | Received a gift from Okawaru
 19411 | Snake:4  | Got a pair of fine boots {god gift}
 19871 | Snake:4  | Got a serpentine rune of Zot
 21115 | Orc:1    | Entered Level 1 of the Orcish Mines
 21134 | Orc:1    | Reached XP level 17. HP: 154/173 MP: 18/22
 21260 | Orc:2    | Entered Level 2 of the Orcish Mines
 21375 | Orc:2    | Noticed cada's ghost (journeyman GrFi)
 21393 | Orc:2    | Killed cada's ghost
 21567 | Orc:1    | Received a gift from Okawaru
 21858 | Orc:2    | Identified the -4 pair of boots "Nuysea" {-Tele +Inv rPois Str+4} (Okawaru gifted it to you on level 4 of the Snake Pit)
 21971 | Orc:2    | Found a staircase to the Elven Halls.
 22155 | Orc:2    | Found Git Putz's Gadget Emporium.
 22477 | Orc:2    | Found Beucwato's Food Emporium.
 22477 | Orc:2    | Found Omyny's Assorted Antiques.
 22479 | Orc:2    | Found Ylug's Magic Scroll Boutique.
 22479 | Orc:2    | Found Edigu's Distillery.
 22900 | Snake:3  | Bought the ring "Cennak" {rF- rN+ Str-2 Dex+8 Slay+6} for 1156 gold pieces
 23090 | Shoals:1 | Entered Level 1 of the Shoals
 23090 | Shoals:1 | Noticed Aizul
 23102 | Shoals:1 | Killed Aizul
 23427 | Shoals:1 | Reached skill level 15 in Dodging
 23690 | Shoals:1 | Noticed a kraken
 23701 | Shoals:1 | Killed a kraken
 23701 | Shoals:1 | Reached skill level 15 in Armour
 23860 | Shoals:2 | Found Vusmalat's Antique Weapon Shop.
 24420 | Shoals:2 | Reached skill level 10 in Invocations
 24659 | Shoals:3 | Received a gift from Okawaru
 24863 | Shoals:3 | Received a gift from Okawaru
 25022 | Shoals:3 | Reached skill level 10 in Evocations
 25022 | Shoals:3 | Reached skill level 15 in Long Blades
 25149 | Shoals:3 | Reached XP level 18. HP: 118/182 MP: 19/24
 25278 | Shoals:4 | Entered Level 4 of the Shoals
 25278 | Shoals:4 | Noticed Polyphemus
 25311 | Shoals:4 | Killed Polyphemus
 25311 | Shoals:4 | Received a gift from Okawaru
 25526 | Shoals:4 | Received a gift from Okawaru
 25527 | Shoals:4 | Got a pitted cloak {god gift}
 25549 | Shoals:4 | Identified the -3 cloak of the Manifold Coins {Dex+4} (Okawaru gifted it to you on level 4 of the Shoals)
 25605 | Shoals:4 | Noticed Ilsuiw
 26086 | Shoals:4 | Killed Ilsuiw
 26309 | Shoals:4 | Got a barnacled rune of Zot
 26386 | Shoals:4 | Got a bloodstained shield
 26398 | Shoals:4 | Identified the +2 shield "Teitiyji" {+Fly Dex+2} (You found it on level 4 of the Shoals)
 26633 | Shoals:4 | Noticed Donald
 26644 | Shoals:4 | Killed Donald
 26999 | Elf:1    | Entered Level 1 of the Elven Halls
 27015 | Elf:1    | Reached skill level 6 in Shields
 27170 | Elf:1    | Reached skill level 7 in Shields
 27227 | Elf:1    | Found Ziuxzal's Gadget Boutique.
 27300 | Elf:1    | Found a magical portal.
 27539 | Elf:1    | Noticed Kirke
 27542 | Elf:1    | Killed Kirke
 27542 | Elf:1    | Received a gift from Okawaru
 27542 | Elf:1    | Reached skill level 8 in Shields
 27549 | Elf:1    | Got a pair of heavily runed gloves {god gift}
 27797 | Elf:1    | Reached skill level 9 in Shields
 27814 | Elf:1    | Cast into level 2 of the Abyss (a deep elf demonologist)
 27830 | Abyss:2  | Reached XP level 19. HP: 99/189 MP: 10/25
 27859 | Abyss:2  | Got a jewelled scale mail
 27903 | Elf:1    | Escaped the Abyss
 28022 | Elf:1    | Identified the +0 pair of gloves of Hopscotch {*Corrode MR++ MP-9 SInv} (Okawaru gifted it to you on level 1 of the Elven Halls)
 28042 | Elf:1    | Identified the cursed +1 scale mail of Minor Irritation {*Drain MP+9 Dex+7} (You found it on level 2 of the Abyss)
 28652 | D:13     | Bought a pair of dazzling boots for 266 gold pieces
 28670 | D:13     | Identified the +0 pair of boots of Impermeability {MP+9 Stlth+} (You bought it in a shop on level 13 of the Dungeon)
 28728 | D:13     | Bought a turquoise-encrusted scale mail for 225 gold pieces
 28739 | D:13     | Identified the +4 scale mail "Qouduick" {Int-2 Dex+2 Slay+2} (You bought it in a shop on level 13 of the Dungeon)
 29102 | Elf:2    | Reached skill level 10 in Shields
 29212 | Elf:2    | Received a gift from Okawaru
 29377 | Elf:2    | Reached skill level 11 in Shields
 29508 | Elf:2    | Got a smoking scale mail
 29525 | Elf:2    | Identified the +0 scale mail of Paluluas {MR+} (You found it on level 2 of the Elven Halls)
 29835 | Elf:2    | Found a large runed door.
 29835 | Elf:2    | Found a large runed door.
 29858 | Elf:2    | Found a large runed door.
 29858 | Elf:2    | Found a large runed door.
 30191 | Elf:2    | Reached skill level 12 in Shields
 30433 | Elf:2    | Received a gift from Okawaru
 30585 | Elf:3    | Entered Level 3 of the Elven Halls
 30763 | Elf:3    | Received a gift from Okawaru
 30822 | Elf:3    | Received a gift from Okawaru
 30822 | Elf:3    | Reached skill level 13 in Shields
 30924 | Elf:3    | Noticed a Tzitzimitl
 30926 | Elf:3    | Received a gift from Okawaru
 30926 | Elf:3    | Reached XP level 20. HP: 162/198 MP: 27/27
 31012 | Elf:3    | Got a vibrating ivory ring
 31014 | Elf:3    | Identified the ring of Immorality {*Tele *Corrode +Blink Int+4} (You found it on level 3 of the Elven Halls)
 31079 | Elf:3    | Reached skill level 14 in Shields
 31132 | Elf:3    | Reached skill level 15 in Shields
 31160 | Elf:3    | Got an ancient falchion {holy}
 31162 | Elf:3    | Identified the +10 falchion of the Dove {holy, rElec rN+} (You took it off a deep elf sorcerer on level 3 of the Elven Halls)
 31178 | Elf:3    | Got a coiled iron ring
 31180 | Elf:3    | Identified the ring of Light {*Tele rPois rN+++ Int+3 Dex-2} (You found it on level 3 of the Elven Halls)
 31376 | Elf:3    | Reached skill level 16 in Shields
 31854 | Elf:3    | Received a gift from Okawaru
 31863 | Elf:3    | Reached skill level 17 in Shields
 31879 | Elf:3    | Received a gift from Okawaru
 31879 | Elf:3    | Reached skill level 18 in Shields
 31903 | Elf:3    | Received a gift from Okawaru
 32485 | Slime:1  | Entered Level 1 of the Pits of Slime
 32697 | Slime:2  | Reached skill level 19 in Shields
 32708 | Slime:2  | Received a gift from Okawaru
 32718 | Slime:2  | Got a faintly glowing fustibalus {god gift}
 32719 | Slime:2  | Identified the +1 fustibalus of Wealth {freeze, +Inv +Fly rC- Int+8} (Okawaru gifted it to you on level 2 of the Pits of Slime)
 33170 | Slime:3  | Paralysed by a floating eye for 4 turns
 33174 | Slime:3  | HP: 6/198 [acid (10)]
 33174 | Slime:3  | Annihilated by an azure jelly

Skill      XL: |  1  2  3  4  5  6  7  8  9 10 11 12 13 14 15 16 17 18 19 20 |
---------------+-------------------------------------------------------------+-----
Long Blades    | 3 4 5 7 9 10 13 14 15 16 18 | 18.0
Fighting       | 5 6 7 8 9 11 12 15 16 | 16.0
Armour         | 5 6 7 9 10 13 14 15 16 | 16.6
Shields        | 5 9 13 19 | 19.0
Bows           | 4 5 |  5.0
Dodging        | 7 8 10 11 13 14 15 16 | 16.6
Invocations    | 4 6 8 10 11 | 11.2
Slings         | 4 10 12 13 14 | 14.0
Evocations     | 4 8 10 | 10.0

Action                   |  1- 3 |  4- 6 |  7- 9 | 10-12 | 13-15 | 16-18 | 19-21 || total
-------------------------+-------+-------+-------+-------+-------+-------+-------++-------
Melee: Long sword        |    48 |    37 |    99 |       |       |       |       ||   184
       Headbutt          |     6 |     3 |    31 |    49 |   133 |   178 |    96 ||   496
       Scimitar          |       |       |    16 |   210 |   455 |   494 |   126 ||  1301
       Double sword      |       |       |       |       |       |     4 |   136 ||   140
 Fire: Hunting sling     |    36 |    27 |    21 |       |       |       |       ||    84
       Shortbow          |       |       |    56 |    42 |       |       |       ||    98
       Fustibalus        |       |       |       |   219 |   405 |   584 |   295 ||  1503
Throw: Stone             |     5 |       |       |       |       |       |       ||     5
       Tomahawk          |       |     5 |    19 |    15 |       |       |       ||    39
       Javelin           |       |       |       |     4 |    13 |    36 |    19 ||    72
Invok: Heroism           |       |       |       |     5 |     6 |    12 |     1 ||    24
       Finesse           |       |       |       |       |     3 |     9 |     1 ||    13
 Abil: Stop Flying       |       |       |       |       |     2 |       |       ||     2
       Evoke Flight      |       |       |       |       |     2 |       |       ||     2
Evoke: Wand              |       |       |     1 |     1 |     1 |     3 |       ||     6
       Lightning rod     |       |       |       |       |       |       |     4 ||     4
       Lamp of fire      |       |       |       |       |       |       |     2 ||     2
       Box of beasts     |       |       |       |       |       |       |     1 ||     1
  Use: Potion            |       |     1 |     1 |     4 |     3 |     9 |       ||    18
       Scroll            |       |       |     5 |    20 |    10 |     9 |    11 ||    55
  Eat: Chunk             |       |     3 |     5 |    14 |    23 |    26 |    13 ||    84
       Meat ration       |       |       |     1 |       |       |       |       ||     1
       Fruit             |       |       |       |       |     4 |     3 |     3 ||    10
       Royal jelly       |       |       |       |       |       |     1 |       ||     1
Armor: Scale mail        |    12 |       |       |    29 |     3 |       |    32 ||    76
       Chain mail        |     1 |    11 |    35 |    38 |   143 |   199 |    43 ||   470
Dodge: Dodged            |    11 |     9 |    42 |   140 |   235 |   495 |   165 ||  1097
Block: Shield            |    21 |    19 |    29 |       |       |    88 |   211 ||   368
       Buckler           |       |       |       |    53 |   128 |   183 |       ||   364
       Rpst.: Long sword |     4 |     2 |    13 |       |       |       |       ||    19
       Scimitar          |       |       |     2 |    23 |    42 |    71 |    11 ||   149
       Double sword      |       |       |       |       |       |       |    14 ||    14
